 Dungeon Crawl Stone Soup version 0.30-b1-5-g8e6c1be481 (webtiles) character file.

Game seed: 669737053588021447

452 workbot the Chopper (level 6, 0/51 HPs)
             Began as a Draconian Berserker on May 4, 2023.
             Was a Priest of Trog.
             Slain by an orc
             ... wielding a +1 flail of holy wrath
              (5 damage)
             ... on level 3 of the Dungeon.
             The game lasted 00:10:19 (3098 turns).

workbot the Chopper (Draconian Berserker)           Turns: 3098, Time: 00:10:19

Health: 0/51       AC:  6    Str: 21    XL:     6   Next: 75%
Magic:  0/6        EV: 10    Int:  8    God:    Trog [***...]
Gold:   160        SH:  6    Dex: 10    Spells: 5/5 levels left

rFire   . . .        a - +0 hand axe
rCold   . . .        l - +0 kite shield
rNeg    . . .        (body armour unavailable)
rPois   .            (helmet restricted)
rElec   .            (no cloak)
rCorr   +            (no gloves)
SInv    .            (no boots)
Will    .....        f - amulet of guardian spirit
Stlth   +            j - ring of resist corrosion
HPRegen 0.28/turn    (no ring)
MPRegen 0.10/turn

%: guardian spirit
@: no status effects
A: AC +6, unfitting armour, cold-blooded
a: Renounce Religion, Berserk, Trog's Hand


You were on level 3 of the Dungeon.
You worshipped Trog.
Trog was most pleased with you.
You visited 1 branch of the dungeon, and saw 3 of its levels.

You collected 160 gold pieces.

Inventory:

Hand Weapons
 a - a +0 hand axe (weapon)
Missiles
 b - a throwing net (quivered)
Armour
 l - a +0 kite shield (worn)
Jewellery
 f - an amulet of guardian spirit (around neck)
 j - a ring of resist corrosion (left hand)
Scrolls
 c - a scroll of brand weapon {unknown}
 d - a scroll of fear
 g - 2 scrolls of silence
 i - a scroll of poison {unknown}
 k - a scroll of fog {unknown}
 m - a scroll of blinking
Potions
 e - a potion of curing
 h - a potion of attraction {unknown}


   Skills:
 - Level 3.2 Fighting
 * Level 7.7 Axes
 - Level 2.6 Dodging
 + Level 0.3 Shields


You had 5 spell levels left.
You didn't know any spells.
Your spell library contained the following spells:

 Spells                   Type           Power      Damage    Failure   Level
 Magic Dart               Conj           0%         1d3       75%         1
 Call Imp                 Summ           0%         N/A       86%         2
 Mephitic Cloud           Conj/Pois/Air  0%         N/A       98%         3


Dungeon Overview and Level Annotations

Branches:
Dungeon (3/15)

Altars:


Innate Abilities, Weirdness & Mutations

Your plain brown scales are hard. (AC +6)
You cannot fit into any form of body armour.
You are cold-blooded and may be slowed by cold attacks.


Message History

You closely miss the gnoll.
The gnoll is moderately wounded.
The gnoll misses you.
You hit the gnoll.
Your tail-slap misses the gnoll.
The gnoll is severely wounded.
The gnoll hits you with a +0 flail!
You are too injured to fight recklessly!
You are too injured to fight recklessly!
You barely miss the gnoll.
Your tail-slap misses the gnoll.
The gnoll is severely wounded.
The gnoll hits you with a +0 flail.
You hit the gnoll.
Your tail-slap misses the gnoll.
The gnoll is almost dead.
The gnoll barely misses you.
You hit the gnoll.
You kill the gnoll!
Trog accepts your kill.
You start resting.
An orc is nearby!
An orc is nearby!
Things that are here:
a +0 flail; a +0 whip; a gnoll corpse
There is a huge open gate here.
You hit the orc but do no damage. The gnoll closely misses you.
The orc hits you with a +1 flail of holy wrath!
You closely miss the orc.
The gnoll hits you from afar with a +0 halberd!
* * * LOW HITPOINT WARNING * * *
The orc hits you with a +1 flail of holy wrath.
* * * LOW HITPOINT WARNING * * *
You hit the orc but do no damage. You tail-slap the orc.
The orc is lightly wounded.
The gnoll hits you from afar with a +0 halberd.
* * * LOW HITPOINT WARNING * * *
The orc closely misses you.
You closely miss the orc.
The orc is lightly wounded.
You block the gnoll's attack.
The orc hits you with a +1 flail of holy wrath.
You die...

#.# #. # ....... # ..... # .....
# .... # ##''## # ######..g.#####
# .....'.o..'.... #+# #.@..#
..#############''''#############.
g.#.............)..............#.
###≈~~~≈≈~~~~~~....~~≈≈≈~~~≈≈~≈##
≈≈≈≈~≈≈≈≈≈≈≈≈≈≈....~≈≈≈≈~~~~≈≈≈≈≈
≈~~≈~~~~~≈≈~~~~....~~~~~~~~~~~~≈~
.......(...........|.............
#####......>..)...........)......
#.##.)....#############......


You could see a gnoll and an orc.

Vanquished Creatures
  An ogre (D:3)
  A howler monkey (D:3)
  An orc priest (D:3)
  3 adders
  10 gnolls (D:3)
  4 dart slugs
  12 orcs (D:3)
  5 ball pythons
  7 endoplasms
  5 giant cockroaches
  2 goblins
  6 hobgoblins
  11 jackals
  5 quokkas
  7 bats
  3 frilled lizards
  6 kobolds
  3 rats (D:1)
  A bush (D:3)
93 creatures vanquished.

Vanquished Creatures (collateral kills)
  2 hounds (D:3)
  5 jackals (D:3)
7 creatures vanquished.

Vanquished Creatures (others)
  6 plants (D:3)
6 creatures vanquished.

Grand Total: 106 creatures vanquished

Notes
Turn   | Place    | Note
-------+----------+-------------------------------------------
     0 | D:1      | workbot the Draconian Berserker began the quest for the
                  | Orb.
     0 | D:1      | Reached XP level 1. HP: 19/19 MP: 1/1
   116 | D:1      | Reached XP level 2. HP: 13/26 MP: 2/2
   319 | D:1      | Reached skill level 4 in Axes
   337 | D:1      | Reached ** piety under Trog
   409 | D:1      | Reached XP level 3. HP: 26/31 MP: 3/3
   686 | D:1      | Found a faded altar of an unknown god.
  1203 | D:2      | Reached skill level 5 in Axes
  1203 | D:2      | Reached XP level 4. HP: 36/38 MP: 2/4
  2297 | D:3      | Reached XP level 5. HP: 45/45 MP: 3/5
  2466 | D:3      | Reached skill level 6 in Axes
  2476 | D:3      | Reached XP level 6. HP: 51/51 MP: 6/6
  2801 | D:3      | Reached skill level 7 in Axes
  2832 | D:3      | Reached *** piety under Trog
  3098 | D:3      | Slain by an orc

Illustrated notes

Levels and vault maps discovered:
D:1:      spicycebolla_arrival_risky_transporter, layout_loops_ring,
          hellmonk_ecumenical_altar_defaced_shrine, minmay_misc_feat_nine_boxes,
          minmay_misc_feat_plants, st_stairs_8
D:2:      layout_basic, nicolae_figureground_sparkle
D:3:      lemuel_castle_with_subvaults [lemuel_castle_interior_original],
          layout_basic, serial_forest, infiniplex_forest_clump_diagonal,
          infiniplex_forest_clump_small, infiniplex_forest_lined_room_,
          infiniplex_forest_clump_medium, infiniplex_forest_corner_1,
          infiniplex_forest_clump_C, infiniplex_forest_lined_room_3,
          infiniplex_forest_fountain, infiniplex_forest_lined_3, minmay_unequal

Skill      XL: |  1  2  3  4  5  6 |
---------------+-------------------+-----
Axes           | 4 5 6 7 |  7.7
Fighting       | |  3.2
Dodging        | |  2.6
Shields        | |  0.3

Action                     |  1- 3 |  4- 6 || total
---------------------------+-------+-------++-------
  Melee: Hand axe          |   169 |   294 ||   463
         Tailslap          |    19 |    50 ||    69
         Punch             |     2 |     1 ||     3
 Invoke: Berserk           |     1 |     1 ||     2
    Use: Scroll            |     4 |     3 ||     7
         Potion            |       |     4 ||     4
   Stab: Sleeping          |     1 |     1 ||     2
 Armour: Skin              |    73 |    54 ||   127
  Dodge: Dodged            |   154 |   111 ||   265
  Block: Kite shield       |       |    34 ||    34
